 Dungeon Crawl Stone Soup version 0.28-a0-422-gd71735cc25 (webtiles) character file.

Game seed: 11856722815396110305

476 rogsnak the Magician (level 7, 0/47 HPs)
             Began as a Djinni Fire Elementalist on Sept 8, 2021.
             Was an Initiate of Elyvilon.
             Slain by an orc warrior (10 damage)
             ... on level 5 of the Dungeon.
             The game lasted 00:10:18 (5354 turns).

rogsnak the Magician (Djinni Fire Elementalist)     Turns: 5354, Time: 00:10:19

Health: 0/47       AC:  5    Str:  7    XL:     7   Next: 33%
Gold:   119        EV: 13    Int: 19    God:    Elyvilon [......] SH:  0 Dex: 13

rFire   + + .      SeeInvis .   e - +2 dagger (venom)
rCold   x . .      Faith    .   (no shield)
rNeg    . . .      Spirit   .   a - +0 robe
rPois   ∞          Reflect  .   c - +0 helmet
rElec   .          Harm     .   (no cloak)
rCorr   .          Rampage  .   p - +1 pair of gloves {archery}
Will    .....                   (boots unavailable)
Stlth   +.........              (no amulet)
HPRegen 0.15/turn               (no ring)
MPRegen 0.00/turn               (no ring)

@: confused, flying
A: sickness immunity, fire resistance 2, cold vulnerability 1, float, innate
caster, hp casting, extra vitality 1
a: Renounce Religion


You were on level 5 of the Dungeon.
You worshipped Elyvilon.
Elyvilon was noncommittal.
You visited 2 branches of the dungeon, and saw 6 of its levels.

You collected 119 gold pieces.

Inventory:

Hand Weapons
 b - a +0 dagger
 e - a +2 dagger of venom (weapon)
 s - a +1 hunting sling of flaming
Missiles
 l - 12 poisoned darts
 q - 8 javelins
 t - 24 stones
 y - 17 arrows
Armour
 a - a +0 robe (worn)
 c - a +0 helmet (worn)
 p - a +1 pair of gloves of archery (worn)
Magical Staves
 C - a staff of air
Scrolls
 d - a scroll of fear {unknown}
 i - a scroll of noise {unknown}
 j - 4 scrolls of identify {unknown}
 k - a scroll of magic mapping {unknown}
 o - a scroll of silence {unknown}
 w - a scroll of amnesia {unknown}
 x - a scroll of teleportation {unknown}
 z - a scroll of enchant armour {unknown}
 A - a scroll of blinking {unknown}
Potions
 f - a potion of magic {unknown}
 g - a potion of haste {unknown}
 h - a potion of invisibility {unknown}
 m - a potion of cancellation {unknown}
 n - a potion of ambrosia {unknown}
 r - a potion of brilliance {unknown}
 u - 2 potions of lignification {unknown}
 v - a potion of attraction {unknown}
 B - a potion of degeneration {unknown}


   Skills:
 + Level 1.2 Fighting
 + Level 3.5 Dodging
 - Level 2.0 Stealth
 + Level 5.4 Spellcasting


You couldn't memorise any spells.
You knew the following spells:

 Your Spells              Type           Power      Damage    Failure   Level
a - Foxfire               Conj/Fire      100%       2x1d9     1%          1
b - Scorch                Fire           50%        2d7       1%          2
c - Conjure Flame         Conj/Fire      25%        6-21      3%          3
d - Inner Flame           Hex/Fire       25%        N/A       3%          3
e - Flame Wave            Conj/Fire      25%        3d6       13%         4
f - Freeze                Ice            100%       1d11      1%          1
g - Blink                 Tloc           N/A        N/A       1%          2
h - Lesser Beckoning      Tloc           25%        N/A       3%          3
Your spell library was empty.

Dungeon Overview and Level Annotations

Branches:
Dungeon (5/15)             Temple (1/1) D:5

Altars:
Ashenzari
Cheibriados
Dithmenos
Elyvilon
Gozag
Hepliaklqana
Okawaru
Qazlal
Sif Muna
Trog
Xom


Innate Abilities, Weirdness & Mutations

You are immune to sickness and miasma.
You are immune to poison.
Your flesh is very heat resistant. (rF++)
You are vulnerable to cold. (rC-)
You float through the air rather than walking.
You learn spells naturally, not from books.
Your magical power is your life essence.
You have superior vitality. (+4 HP)


Message History

Confirm with . or Enter, or press ? or * to list all spells.
Flames lash the orc.
You kill the orc!
The foxfire hits the adder.
The adder is lightly wounded.
The foxfire hits the adder!
The adder is almost dead.
Casting: Scorch (safe; 1% risk of failure)
Confirm with . or Enter, or press ? or * to list all spells.
Flames lash the adder.
You kill the adder!
Your foxfire dissipates!
The foxfire hits the orc warrior but does no damage.
Unknown command.
There is a stone staircase leading up here.
You fly upwards.
There is a stone staircase leading down here.
You start resting.
HP restored.
You fly downwards.
The orc warrior barely misses you. The orc misses you.
The orc warrior hits you with a +0 dire flail.
There is a stone staircase leading up here.
The orc warrior hits you with a +0 dire flail!!
Ouch! That really hurt!
The orc wizard points at you and mumbles some strange words.
You are confused.
The orc warrior misses you. The orc barely misses you.
The orc wizard casts a spell.
The orc wizard flickers and vanishes!
Deactivating autopickup; reactivate with Ctrl-A.
Unknown command.
You completely miss the orc warrior. The orc hits you with a +0 club.
Something hits you but does no damage.
The orc warrior hits you with a +0 dire flail!
* * * LOW HITPOINT WARNING * * *
You hit something but do no damage. The orc barely misses you.
Something hits you.
* * * LOW HITPOINT WARNING * * *
The orc warrior hits you with a +0 dire flail!
You die...

###.# ##....#.#.....#
....#####..#.#.[.#..>.#
..........##...).)..###
#.###########.#)##### #.#
#...#.# #.## ###.###<####
#..# #...#......# ##.#
##.##...o...#
##.#####.......o@{.#######
..........###.>.....)†...#
..........#
############.##
........### #..#####
........# ##..o..#
........# #..#o.###
........# ....###)...
.........# #.##..# #..##
..#####..# ##oS ..##


You could see an orc warrior and an orc.

Vanquished Creatures
  A scorpion (D:5)
  A jelly (D:5)
  A hound (D:4)
  A centaur skeleton (D:4)
  An orc priest (D:5)
  Terence (D:2)
  An iguana (D:5)
  An orc wizard (D:5)
  Natasha (thrice) (D:2)
  4 adders
  2 ufetubi (D:4)
  An adder skeleton (D:4)
  A dart slug (D:2)
  14 orcs
  5 endoplasms
  3 giant cockroaches
  9 goblins
  6 hobgoblins
  4 jackals
  2 quokkas (D:1)
  8 ball pythons
  9 bats
  2 frilled lizards (D:3)
  11 kobolds
  A quokka skeleton (D:4)
  A rat (D:2)
  A spectral hobgoblin (D:3)
95 creatures vanquished.

Vanquished Creatures (others)
  210 foxfires
210 creatures vanquished.

Grand Total: 305 creatures vanquished

Notes
Turn   | Place    | Note
-------+----------+-------------------------------------------
     0 | D:1      | rogsnak the Djinni Fire Elementalist began the quest for
                  | the Orb.
     0 | D:1      | Reached XP level 1. HP: 15/15 MP: 0/0
   230 | D:1      | Reached XP level 2. HP: 18/21 MP: 0/0
   717 | D:1      | Reached skill level 3 in Spellcasting
   778 | D:1      | Reached XP level 3. HP: 24/25 MP: 0/0
   778 | D:1      | Learned a level 1 spell: Freeze
  1966 | D:2      | Noticed Terence
  2044 | D:2      | Killed Terence
  2045 | D:2      | Reached XP level 4. HP: 24/31 MP: 0/0
  2204 | D:2      | Noticed Natasha
  2227 | D:2      | Killed Natasha
  2228 | D:2      | Reached XP level 5. HP: 13/35 MP: 0/0
  2228 | D:2      | Learned a level 2 spell: Blink
  2298 | D:2      | Noticed Natasha
  2301 | D:2      | Killed Natasha
  2826 | D:2      | Noticed Natasha
  2832 | D:2      | Killed Natasha
  2833 | D:2      | Reached skill level 4 in Spellcasting
  2888 | D:3      | Found a faded altar of an unknown god.
  3231 | D:3      | Reached XP level 6. HP: 37/41 MP: 0/0
  4239 | D:4      | Reached skill level 1 in Fighting
  4506 | D:5      | Entered Level 5 of the Dungeon
  4506 | D:5      | Found a staircase to the Ecumenical Temple.
  4516 | D:5      | Reached skill level 5 in Spellcasting
  4524 | Temple   | Entered the Ecumenical Temple
  4749 | Temple   | Became a worshipper of Elyvilon the Healer
  4773 | D:5      | Reached XP level 7. HP: 36/47 MP: 0/0
  4773 | D:5      | Learned a level 3 spell: Lesser Beckoning
  4930 | D:5      | Found a broken altar of Ashenzari.
  5123 | D:5      | Found a shadowy altar of Dithmenos.
  5354 | D:5      | Slain by an orc warrior

Illustrated notes

Levels and vault maps discovered:
D:1:      nicolae_arrival_somewhat_less_tricky_arrival, layout_loops_ring
D:2:      mumra_celtic_spiral_tile, layout_basic, minivault_4, uniq_terence,
          uniq_natasha
D:3:      layout_loops_ring, dreamdust_ecumenical_altar_drowned_temple
D:4:      layout_loops_cross
D:5:      layout_rooms, tso_altar, lemuel_mausoleum_altar_yredelemnul,
          nicolae_dithmenos_shadow_blocks, nicolae_ashenzari_skybound,
          minmay_temple_entry_crystal_x, uniq_pikel
Temple:   nicolae_temple_figure_zero

Skill      XL: |  1  2  3  4  5  6 |
---------------+-------------------+-----
Spellcasting   | 3 4 5 |  5.4
Stealth        | 2 |  2.0
Dodging        | 3 |  3.5
Fighting       | 1 |  1.2

Action                   |  1- 3 |  4- 6 |  7- 9 || total
-------------------------+-------+-------+-------++-------
Melee: Dagger            |    22 |    53 |    10 ||    85
 Cast: Foxfire           |    58 |    70 |     7 ||   135
       Scorch            |       |     8 |     8 ||    16
       Conjure Flame     |       |       |     1 ||     1
 Stab: Sleeping          |     2 |       |       ||     2
Armor: Robe              |    11 |    11 |     2 ||    24
Dodge: Dodged            |    15 |    39 |    10 ||    64

Table legend: (Time is in decaauts)
 A = Elapsed time spent in this place.
 B = Non-inter-level travel time spent in this place.
 C = Inter-level travel time spent in this place.
 D = Time resting spent in this place.
 E = Time spent auto-exploring this place.
 F = Levels seen in this place.
 G = Mean time per level.
                   A        B        C        D        E       F      G
               +--------+--------+--------+--------+--------+-----+--------+
         Total |   5361 |   5253 |    108 |    726 |   3580 |   6 |  893.5 |
       Dungeon |   5122 |   5014 |    108 |    640 |   3518 |   5 | 1024.4 |
        Temple |    238 |    238 |      0 |     86 |     62 |   1 |  238.0 |
               +--------+--------+--------+--------+--------+-----+--------+

Top non-repeatable levels by time:
     D:2: 1622 daAuts
     D:1: 1271 daAuts
     D:4: 933 daAuts
     D:3: 872 daAuts
     D:5: 422 daAuts
  Temple: 238 daAuts
